 Dungeon Crawl Stone Soup version 0.32-a0-900-g30fb1b0edc (webtiles) character file.

Game seed: 3004286359654636035

323 demibob the Poker (level 6, -2/44 HPs)
             Began as a Demonspawn Gladiator on Apr 6, 2024.
             Slain by a wight
             ... wielding a +0 great sword
              (14 damage)
             ... on level 5 of the Dungeon.
             The game lasted 00:07:11 (4043 turns).

demibob the Poker (Demonspawn Gladiator)            Turns: 4043, Time: 00:07:12

Health: -2/44      AC: -3    Str: 14    XL:     6   Next: 23%
Magic:  6/6        EV: 11    Int:  8    God:
Gold:   308        SH:  0    Dex: 19    Spells: 5/5 levels left

rFire   . . .        a - +0 trident (drain)
rCold   . . .        (no shield)
rNeg    . . .        b - +0 leather armour
rPois   .            (helmet restricted)
rElec   .            (no cloak)
rCorr   .            (no gloves)
SInv    .            o - +1 pair of boots
Will    .....        (no amulet)
Stlth   ++           (no ring)
HPRegen 0.27/turn    (no ring)
MPRegen 0.10/turn

%: no passive effects
@: about to teleport, corroded
A: horns 2, thin skeletal structure 1
a: no special abilities


You were on level 5 of the Dungeon.
You visited 1 branch of the dungeon, and saw 5 of its levels.

You collected 308 gold pieces.


Innate Abilities, Weirdness & Mutations

You have a pair of horns on your head.
You have a somewhat thin skeletal structure. (Dex +2, Stealth+)


   Skills:
 - Level 2.0 Fighting
 + Level 6.4 Polearms
 - Level 1.7 Throwing
 + Level 2.6 Dodging


You had 5 spell levels left.
You didn't know any spells.
Your spell library contained the following spells:

 Spells                   Type           Power      Damage    Failure   Level
 Magic Dart               Conj           0%         1d3       50%         1
 Blink                    Tloc           0%         N/A       63%         2
 Call Imp                 Summ           0%         N/A       63%         2
 Tukima's Dance           Hex            0%         N/A       86%         3
 Dimensional Bullseye     Hex/Tloc       0%         N/A       99%         4
 Iskenderun's Mystic Bla Conj/Tloc 0%             2d3        (+2d1     99%         4

Inventory:

Hand Weapons
 a - a +0 trident of draining (weapon)
Missiles
 d - 3 throwing nets (quivered) {=f}
 e - a javelin
Armour
 b - a +0 leather armour (worn)
 o - a +1 pair of boots (worn)
Magical Staves
 i - a staff of conjuration {!a}
Wands
 c - a wand of iceblast (6)
 h - a wand of mindburst (21)
 l - a wand of polymorph (3)
Scrolls
 f - 2 scrolls of teleportation {@r2}
 n - a scroll of revelation {unknown}
 r - 2 scrolls of amnesia
Potions
 g - 2 potions of lignification
 j - a potion of degeneration {unknown}
 k - a potion of haste {@q3}
 m - a potion of mutation {unknown}
 p - a potion of cancellation {unknown}

Dungeon Overview and Level Annotations

Branches:
Dungeon (5/15)
 Temple: D:4-7

Altars:
Ashenzari

Shops:
D:1 =?(*? D:4

( #.........#... ......
##............. ..##..
......###..........>..# .....
............#..<.....## ....#
..........)...##.......# ....#
.....................#...
....#.. .....:....#........# .
..... ............##..........
...# ..... #..Jz@....##..##.##
...##...........##...##..##...
..##.........z.................
.................##............
................###..........
z.......................<....
...........z...........##....
.......##.....###......# ....
#......#.....# #........ ...


You could see a jelly and 3 wights.


Message History

You finish putting on your +1 pair of boots.
You see here a +0 hand axe.
HP restored.
There is a stone staircase leading down here.
You climb downwards.
Found a dagger.
Found a stone staircase leading down.
There is a stone staircase leading up here.
Found a stone staircase leading up.
Found a stone staircase leading down.
f - 3 scrolls of teleportation {@r2} (gained 1)
A jelly comes into view.
The jelly quivers.
A jelly is nearby!
You reach to attack!
You puncture the jelly!
The jelly is heavily wounded.
You hit the jelly but do no damage. The acid corrodes you!
Your hands burn!
The jelly is heavily wounded.
The jelly hits you.
You are splashed with acid!
You hit the jelly but do no damage.
Your hands burn!
The jelly is moderately wounded.
The jelly hits you. The acid corrodes you!
You are splashed with acid!
* * * LOW HITPOINT WARNING * * *
As you read the scroll of teleportation {@r2}, it crumbles to dust.
You feel strangely unstable. The wight barely misses you. The jelly hits you.
* * * LOW HITPOINT WARNING * * *
You are splashed with acid!
* * * LOW HITPOINT WARNING * * *
The wight attacks as it pursues you!
The wight hits you with a +0 great sword!
You die...

Skill      XL: |  1  2  3  4  5 |
---------------+----------------+-----
Polearms       | 3 4 5 6 |  6.4
Fighting       | |  2.0
Throwing       | |  1.7
Dodging        | |  2.6

Action                     |  1- 3 |  4- 6 || total
---------------------------+-------+-------++-------
  Melee: Trident           |    81 |   127 ||   208
         Headbutt          |     6 |    11 ||    17
  Evoke: Wand              |     1 |     3 ||     4
    Use: Scroll            |     5 |    10 ||    15
         Potion            |     1 |     3 ||     4
   Stab: Sleeping          |    10 |    15 ||    25
 Armour: Leather armour    |    35 |    44 ||    79
  Dodge: Dodged            |    25 |    41 ||    66

Levels and vault maps discovered:
D:1:      dpeg_arrival_leaves_temple_mockup, layout_loops_ring, serial_shops,
          nicolae_shop_bloodbath_and_beyond, shop_coins,
          nicolae_shop_gibbet_a_chance, nicolae_square_shop, shop
D:2:      minmay_general_purpose_star, layout_basic, uniq_terence, uniq_natasha
D:3:      kennysheep_the_goblin_king, layout_basic, zin_treasury
D:4:      layout_loops_corners, lemuel_round_altar, serial_shops, shop,
          minmay_misc_feat_cross, minmay_statues_item, dk_rats_in_the_wall
D:5:      layout_cave_pools

Notes
Turn   | Place    | Note
-------+----------+-------------------------------------------
     0 | D:1      | demibob the Demonspawn Gladiator began the quest for the
                  | Orb.
     0 | D:1      | Reached XP level 1. HP: 16/16 MP: 1/1
    77 | D:1      | Found Zoboh's Magic Scroll Boutique.
   136 | D:1      | Reached skill level 3 in Polearms
   151 | D:1      | Found Agosher's Weapon Boutique.
   166 | D:1      | Found Wiosocla's Assorted Antiques.
   282 | D:1      | Gained mutation: You have a somewhat thin skeletal
                  | structure. (Dex +2, Stealth+) [demonic ancestry]
   282 | D:1      | Reached XP level 2. HP: 18/22 MP: 2/2
   331 | D:1      | Found Kuinkor's Jewellery Boutique.
   681 | D:1      | Found Coeppiora's Magic Scroll Emporium.
   818 | D:2      | Noticed Natasha
   879 | D:2      | HP: 1/22 [Natasha (5)]
   880 | D:2      | Killed Natasha
   881 | D:2      | Reached skill level 4 in Polearms
   881 | D:2      | Gained mutation: You have a pair of small horns on your
                  | head. [demonic ancestry]
   881 | D:2      | Reached XP level 3. HP: 2/27 MP: 3/3
  1249 | D:2      | Noticed Terence
  1265 | D:2      | Killed Terence
  1266 | D:2      | Reached XP level 4. HP: 29/33 MP: 4/4
  1404 | D:2      | Noticed Natasha
  1418 | D:2      | Killed Natasha
  1975 | D:3      | Reached skill level 5 in Polearms
  2039 | D:3      | Noticed Ijyb
  2064 | D:3      | Killed Ijyb
  2065 | D:3      | Reached XP level 5. HP: 28/38 MP: 5/5
  3027 | D:4      | Found Plog's Antique Weapon Shoppe.
  3086 | D:4      | Found a broken altar of Ashenzari.
  3213 | D:4      | Reached skill level 6 in Polearms
  3476 | D:4      | Gained mutation: You have a pair of horns on your head.
                  | [demonic ancestry]
  3476 | D:4      | Reached XP level 6. HP: 11/44 MP: 6/6
  3925 | D:5      | Entered Level 5 of the Dungeon
  4043 | D:5      | Slain by a wight

Vanquished Creatures
  An orc priest (D:4)
  Ijyb (D:3)
  Natasha (twice) (D:2)
  An orc wizard (D:4)
  An iguana (D:4)
  Terence (D:2)
  3 gnolls (D:4)
  2 adders
  3 dart slugs
  14 orcs
  5 bats
  5 endoplasms
  3 giant cockroaches
  10 goblins
  4 hobgoblins
  3 jackals (D:3)
  4 kobolds
  A quokka (D:2)
  4 ball pythons
  7 frilled lizards
  4 rats
79 creatures vanquished.

Table legend: (Time is in decaauts)
 A = Elapsed time spent in this place.
 B = Non-inter-level travel time spent in this place.
 C = Inter-level travel time spent in this place.
 D = Time resting spent in this place.
 E = Time spent auto-exploring this place.
 F = Levels seen in this place.
 G = Mean time per level.
                   A        B        C        D        E       F      G
               +--------+--------+--------+--------+--------+-----+--------+
         Total |   4029 |   3918 |    111 |    192 |   3166 |   5 |  805.8 |
       Dungeon |   4029 |   3918 |    111 |    192 |   3166 |   5 |  805.8 |
               +--------+--------+--------+--------+--------+-----+--------+

Top non-repeatable levels by time:
     D:2: 1277 daAuts
     D:4: 1104 daAuts
     D:3: 863 daAuts
     D:1: 708 daAuts
     D:5: 76 daAuts

Table legend:
 A = Non-vault XP
 B = Vault XP
 C = Vault XP percentage of total XP
 D = Non-vault monster count
 E = Vault monster count
 F = Vault count percentage of total count
                 A         B        C        D         E       F
            +---------+---------+-------+---------+---------+-------
      Total |     338 |     124 |  26.8 |      66 |      13 |  16.5
            +---------+---------+-------+---------+---------+-------
        D:1 |      32 |       0 |   0.0 |      19 |       0 |   0.0
        D:2 |      47 |      74 |  61.2 |       7 |       6 |  46.2
        D:3 |      32 |      50 |  61.0 |      16 |       7 |  30.4
        D:4 |     213 |       0 |   0.0 |      23 |       0 |   0.0
        D:5 |      14 |       0 |   0.0 |       1 |       0 |   0.0
            +---------+---------+-------+---------+---------+-------
